cohdb
Replays
Latest Replays
All Replays
Popular Replays
Top Player Replays
Match Explorer
How It Works
Community
CoH3 Stats
Reddit
Sign in to upload your games and track your stats! →
Sign in with Steam
Match 43715802
Unlisted
Match 43715802
Overview
Messages
Build Orders
End
Royal Engineer Section
Construct Section Command Post
Infantry Section
Infantry Section
Construct Platoon Command Post
Humber Armored Car
Humber Armored Car
Infantry Section
Selects Heavy Armor Battlegroup
Selects Light Vehicle Withdraw and Refit
Selects UNKNOWN (202330)
Selects Rigorous Vehicle Training
Selects Forward Repair Assembly
CMP 15cwt Truck
Forward Retreat Point
Infantry Section
Construct Company Command Post
Foot Guards Section
Crusader AA Medium Tank
Selects Recon Artillery
Selects Recon Artillery
Recon Artillery
Royal Engineer Section
Crusader AA Medium Tank
AI Takeover
Down to clown
REDpioneer
不屈之莱恩
jaws2005
Alex
KuruKuru
nre_nuker
vincent
0
0
Comments
sign in to comment!
No comments posted yet!